 Dungeon Crawl Stone Soup version 0.18-b1-22-ge198996 (webtiles) character file.

1003 varam the Grappler (level 8, -2/68 HPs)
             Began as a Troll Transmuter on May 4, 2016.
             Was a Believer of Okawaru.
             Slain by an orc warrior
             ... wielding a cursed -3 halberd
              (10 damage)
             ... on level 6 of the Dungeon.
             The game lasted 00:21:22 (5014 turns).

varam the Grappler (Troll Transmuter)               Turns: 5014, Time: 00:21:23

Health: -2/68      AC:  2    Str: 22    XL:     8   Next: 0%
Magic:  10/11      EV: 19    Int: 10    God:    Okawaru [**....]
Gold:   261        SH:  0    Dex: 16    Spells: 3 memorised, 6 levels left

rFire  . . .     SeeInvis .       - Unarmed
rCold  . . .     Gourm    +     (armour currently unavailable)
rNeg   . . .     Faith    .     (shield currently unavailable)
rPois  x         Spirit   .     (helmet currently unavailable)
rElec  .         Dismiss  .     (cloak currently unavailable)
rCorr  .         Reflect  .     (gloves unavailable)
SustAt .         Harm     .     (boots unavailable)
MR     +....                    r - amulet of magic regeneration
Stlth  +.........               F - +3 ring of strength
                                j - ring of protection from magic

@: spider-form (expiring), somewhat resistant to hostile enchantments, very
unstealthy
A: unfitting armour, (claws 0), fast metabolism 3, gourmand, regeneration 2,
(shaggy fur 0), (tough skin 0)
a: End Transformation, Heroism, Renounce Religion


You were on level 6 of the Dungeon.
You worshipped Okawaru.
Okawaru was pleased with you.
You were full.
You were a venomous arachnid creature.
You visited 1 branch of the dungeon, and saw 6 of its levels.

You collected 261 gold pieces.

Inventory:

Missiles
 a - 93 arrows
 w - 6 tomahawks
 y - 86 stones (quivered)
Armour
 b - a +0 robe
 z - a +2 robe of magic resistance
 G - the +1 robe "Ubbotuceuj" (melded) {Int+4 Dex+2}
   (You found it on level 5 of the Dungeon)

   It affects your intelligence (+4).
   It affects your dexterity (+2).
Jewellery
 j - a ring of protection from magic (left front leg)
 r - an amulet of magic regeneration (around neck)
 C - an uncursed amulet of rage
 F - a +3 ring of strength (right front leg)
Scrolls
 e - a scroll of random uselessness {unknown}
 i - a scroll of recharging {unknown}
 l - 2 scrolls of immolation
 n - 2 scrolls of teleportation {unknown}
 s - a scroll of enchant armour
 t - 2 scrolls of noise
 u - 2 scrolls of remove curse
 v - a scroll of fear {unknown}
 D - a scroll of fog {unknown}
Potions
 f - 2 potions of resistance {unknown}
 g - 2 potions of heal wounds
 h - 3 potions of curing {unknown}
 k - a potion of haste {unknown}
 o - a potion of might {unknown}
 A - 2 potions of lignification {unknown}
 B - a potion of degeneration {unknown}
 H - a potion of brilliance {unknown}
Books
 c - a book of Changes

   Spells                             Type                      Level
   a - Beastly Appendage              Transmutation                1
   b - Sticks to Snakes               Transmutation                2
   c - Spider Form                    Transmutation/Poison         3
   d - Ice Form                       Ice/Transmutation            4
   e - Blade Hands                    Transmutation                5
Comestibles
 d - 4 bread rations
 m - a royal jelly
 p - 3 meat rations
 x - 8 fruits
 I - a beef jerky


   Skills:
 - Level 0.7 Fighting
 - Level 1.5 Dodging
 + Level 8.2 Unarmed Combat
 - Level 2.7 Spellcasting
 - Level 2.8 Transmutations


You had 6 spell levels left.
You knew the following spells:

 Your Spells              Type           Power        Failure   Level  Hunger
a - Beastly Appendage     Trmt           #.....       24%         1    ##.....
b - Sticks to Snakes      Trmt           #.......     32%         2    ###....
c - Spider Form           Trmt/Pois      #.........   73%         3    ####...


Dungeon Overview and Level Annotations

Branches:
Dungeon (6/15)
 Temple: D:4-7

Altars:
Ashenzari
Dithmenos
Makhleb
Okawaru
Pakellas
Sif Muna
Trog
Vehumet


Innate Abilities, Weirdness & Mutations

You are too large for most types of armour.
((You have claws for hands.))
Your metabolism is lightning-fast.
You like to eat raw meat.
You heal very quickly.
((You are covered in fur (AC +1).))
((You have very tough skin (AC +2).))


Message History

There is an open door here.
Casting: Spider Form
Confirm with . or Enter, or press ? or * to list all spells.
You turn into a venomous arachnid creature.
The +1 robe "Ubbotuceuj" {Int+4 Dex+2} melds into your body.
The orc warrior completely misses you.
Your transformation is almost over.
The orc warrior barely misses you.
You closely miss the orc warrior.
The orc warrior hits you with a halberd!!
You hit the orc warrior but do no damage.
You hit the orc warrior.
The orc warrior is lightly wounded.
The orc warrior hits you with a halberd!!
You bite the orc warrior!
The orc warrior is poisoned.
The orc warrior is heavily wounded.
The orc warrior hits you with a halberd!!
* * * LOW HITPOINT WARNING * * *
The orc warrior hits you from afar with a halberd!
You die...

##.....## #.#..###..#
##.......###.........#
#.........##.........#
+.....<...'..........#
#.........##.......#.#
##.....o.###.........#
##....o## #.......###
##...## #....<..#
##s## ####.#### #.#
#o# #.# #Z# ##<######
#.# ##.......# #o#
#.....##.# #o#
##...###.# #.#
#.##..####.####.#
#........o.Z....#


You could see an orc warrior and an orc.

Vanquished Creatures
  2 ogres (D:5)
  A phantom (D:5)
  The ghost of Shenda the Ruffian, an amateur DrTm (D:4)
  A centaur (D:5)
  2 howler monkeys (D:4)
  A centaur zombie (D:5)
  3 orc wizards
  5 orc priests
  2 worker ants
  10 adders
  2 oozes (D:3)
  An adder skeleton (D:5)
  3 worms
  2 dart slugs
  3 giant geckos
  12 orcs
  9 giant cockroaches
  6 goblins
  7 hobgoblins
  4 jackals
  2 quokkas
  8 bats
  A giant newt (D:1)
  6 kobolds
  A quokka skeleton (D:4)
  6 rats
101 creatures vanquished.

Notes
Turn   | Place    | Note
--------------------------------------------------------------
     0 | D:1      | varam the Troll Transmuter began the quest for the Orb.
     0 | D:1      | Reached XP level 1. HP: 18/18 MP: 1/1
   530 | D:1      | Reached XP level 2. HP: 19/26 MP: 0/3
   785 | D:1      | Found an iron altar of Okawaru.
   828 | D:1      | Became a worshipper of Warmaster Okawaru
  1217 | D:2      | HP: 1/26 [poisoned by an adder]
  1263 | D:2      | Learned a level 2 spell: Sticks to Snakes
  1299 | D:2      | Reached XP level 3. HP: 23/32 MP: 4/4
  1821 | D:2      | Reached XP level 4. HP: 40/40 MP: 4/6
  1829 | D:2      | Learned a level 3 spell: Spider Form
  2253 | D:3      | Found a burning altar of Makhleb.
  2253 | D:3      | Found a bloodstained altar of Trog.
  2254 | D:3      | Found an oddly glowing altar of Pakellas.
  2255 | D:3      | Found a radiant altar of Vehumet.
  2255 | D:3      | Found a deep blue altar of Sif Muna.
  2634 | D:3      | Reached * piety under Okawaru
  2634 | D:3      | Reached XP level 5. HP: 44/46 MP: 7/7
  3163 | D:4      | Reached skill level 4 in Unarmed Combat
  3169 | D:4      | Reached XP level 6. HP: 23/54 MP: 5/9
  3464 | D:4      | Found a shattered altar of Ashenzari.
  3621 | D:4      | Noticed Shenda's ghost (amateur DrTm)
  3644 | D:4      | Killed Shenda's ghost
  3644 | D:4      | Reached skill level 5 in Unarmed Combat
  3753 | D:5      | Entered Level 5 of the Dungeon
  3760 | D:5      | Reached ** piety under Okawaru
  3798 | D:5      | Reached skill level 6 in Unarmed Combat
  3798 | D:5      | Reached XP level 7. HP: 48/61 MP: 2/10
  3822 | D:5      | Found a shadowy altar of Dithmenos.
  4116 | D:5      | Reached skill level 7 in Unarmed Combat
  4333 | D:5      | Got a faintly glowing robe
  4344 | D:5      | Identified the +1 robe "Ubbotuceuj" {Int+4 Dex+2} (You found it on level 5 of the Dungeon)
  4536 | D:5      | Reached skill level 8 in Unarmed Combat
  4540 | D:5      | Reached XP level 8. HP: 39/68 MP: 9/11
  5014 | D:6      | Slain by an orc warrior

Skill      XL: |  1  2  3  4  5  6  7 |
---------------+----------------------+-----
Transmutations | 2 |  2.8
Spellcasting   | 2 |  2.7
Unarmed Combat | 4 6 8 |  8.2
Fighting       | |  0.7
Dodging        | |  1.5

Action                   |  1- 3 |  4- 6 |  7- 9 || total
-------------------------+-------+-------+-------++-------
Melee: Unarmed           |    86 |   153 |    62 ||   301
       Punch             |     2 |     3 |       ||     5
       Kick              |     7 |     3 |     2 ||    12
       Headbutt          |     2 |     5 |     1 ||     8
 Cast: Beastly Appendage |    23 |    24 |     2 ||    49
       Spider Form       |       |     7 |    14 ||    21
Invok: Heroism           |       |     1 |       ||     1
  Use: Potion            |     1 |       |       ||     1
       Scroll            |       |     3 |     3 ||     6
 Stab: Sleeping          |     1 |       |       ||     1
  Eat: Chunk             |    15 |    20 |    17 ||    52
       Pizza             |     1 |       |       ||     1
Armor: Robe              |    33 |    51 |     5 ||    89
       Skin              |       |     2 |     3 ||     5
Dodge: Dodged            |    49 |    94 |    55 ||   198
